 Dungeon Crawl Stone Soup version 0.14.1-26-g5a19342 (webtiles) character file.

295 Kae the Insei (level 5, -8/40 HPs)
             Began as a Draconian Transmuter on July 24, 2014.
             Mangled by a gnoll
             ... wielding a +0,+0 halberd
              (10 damage)
             ... on Level 3 of the Dungeon.
             The game lasted 00:04:03 (3444 turns).

Kae the Insei (Draconian Transmuter)                Turns: 3444, Time: 00:04:04

HP  -8/40        AC  6     Str 12      XL: 5   Next: 27%
MP   9/9         EV 12     Int 13      God:
Gold 123         SH  0     Dex 13      Spells:  1 memorised,  7 levels left

rFire  . . .     SeeInvis .       - Unarmed
rCold  . . .     Clarity  .     (armour unavailable)
rNeg   . . .     Conserve .     (no shield)
rPois  .         rCorr    .     (helmet restricted)
rElec  .         rRot     .     i - +0 cloak
SustAb . .       Spirit   .     (no gloves)
rMut   .         Warding  .     (boots unavailable)
Saprov . . .     Stasis   .     (no amulet)
MR     .....                    (no ring)
                                (no ring)

@: appendage (expiring), not resistant to hostile enchantments, unstealthy
A: unfitting armour, talons 3, AC +5
a: End Transformation


You were on level 3 of the Dungeon.
You were not hungry.
You had grown temporary talons.
You visited 1 branch of the dungeon, and saw 4 of its levels.

You collected 123 gold pieces.

Inventory:

Missiles
 b - 12 arrows
Armour
 i - a +0 cloak (worn)
Magical devices
 r - a wand of random effects (13)
Comestibles
 a - 2 bread rations
 l - 3 meat rations
Scrolls
 f - a scroll of remove curse
 o - a scroll of identify
Potions
 c - 2 potions of restore abilities
 h - a potion of cure mutation
 m - a potion of poison
Books
 d - a book of Changes

   Spells                             Type                      Level
   *Beastly Appendage                 Transmutation                1
   Sticks to Snakes                   Transmutation                2
   Spider Form                        Transmutation/Poison         3
   Ice Form                           Ice/Transmutation            4
   Blade Hands                        Transmutation                5


   Skills:
 - Level 1.1 Fighting
 - Level 1.7 Dodging
 * Level 5.0 Unarmed Combat
 - Level 2.0 Spellcasting
 + Level 3.7 Transmutations


You had 7 spell levels left.
You knew the following spells:

 Your Spells              Type           Power        Failure   Level  Hunger
a - Beastly Appendage     Trmt           ##....       8%          1    ##.....


Dungeon Overview and Level Annotations

Branches:
Dungeon (4/15)
 Temple: D:4-7

Altars:
Xom

Annotations:
D:3 Kae's ghost, average DrTm


Innate Abilities, Weirdness & Mutations

Your plain brown scales are hard (AC +5).
Your body does not fit into most forms of armour.
Your cold-blooded metabolism reacts poorly to cold.
You have claws for feet.


Message History

You are too injured to fight recklessly!
You are too injured to fight recklessly!
You are too injured to fight recklessly!
You are too injured to fight recklessly!
You are too injured to fight recklessly!
You are too injured to fight recklessly!
The gnoll misses you. The gnoll hits you with a halberd.
The gnoll hits you from afar with a halberd.
* * * LOW HITPOINT WARNING * * *
The gnoll hits you from afar with a halberd.
* * * LOW HITPOINT WARNING * * *
The gnoll hits you from afar with a halberd.
* * * LOW HITPOINT WARNING * * *
The gnoll hits you but does no damage.
Your transformation is almost over.
Drink which item? (? for menu, Esc to quit)
Okay, then.
Kae's ghost wails, "They lied to you.
The Dungeon just goes down and down forever."
The gnoll hits you from afar with a halberd!
You die...

#........# #.....>..##
#.......... ###### #........##
#....# #........# #....#
#........# ## #....# ##........#
.# ######....########......##.##
.# #.......<...@.g.p............
.####.####....#.###.##......##.##
.........................#####.#
#####.####....#.###......# #.#
#......##....#.# #......# #.#
#......##....#.###......#####.##
#...............................
#########.......##.####.#####.##
#.......##.###..........


You could see Kae's ghost and a gnoll.

Vanquished Creatures
  2 worker ants (D:4)
  Jessica (D:3)
  2 gnolls (D:4)
  2 adders (D:2)
  A giant mite (D:1)
  2 giant geckos
  2 oozes
  An orc (D:3)
  A ball python (D:1)
  5 bats
  10 goblins
  3 hobgoblins (D:1)
  3 jackals (D:2)
  6 kobolds
  4 giant cockroaches
  9 giant newts
  A quokka (D:2)
  7 rats
62 creatures vanquished.

Notes
Turn   | Place    | Note
--------------------------------------------------------------
     0 | D:1      | Kae, the Draconian Transmuter, began the quest for the Orb.
     0 | D:1      | Reached XP level 1. HP: 16/16 MP: 3/3
   258 | D:1      | Reached XP level 2. HP: 7/23 MP: 2/4
   491 | D:1      | Found a shimmering altar of Xom.
   493 | D:1      | Found a shimmering altar of Xom.
   510 | D:1      | Found a shimmering altar of Xom.
   916 | D:1      | Found a shimmering altar of Xom.
   958 | D:1      | Reached XP level 3. HP: 25/28 MP: 6/6
  1515 | D:2      | Reached skill level 4 in Unarmed Combat
  1772 | D:2      | Reached XP level 4. HP: 32/35 MP: 5/7
  2022 | D:3      | Noticed Jessica
  2034 | D:3      | Killed Jessica
  2200 | D:3      | Noticed Kae's ghost (average DrTm)
  2693 | D:3      | HP: 2/52 [poisoned by a worker ant]
  3020 | D:4      | Reached XP level 5. HP: 18/40 MP: 9/9
  3315 | D:4      | Reached skill level 5 in Unarmed Combat
  3439 | D:3      | HP: 2/40 [gnoll/halberd (4)]
  3444 | D:3      | Mangled by a gnoll

Action                   |  1- 3 |  4- 6 || total
-------------------------+-------+-------++-------
Melee: Unarmed           |   145 |   100 ||   245
 Cast: Beastly Appendage |     6 |     9 ||    15
Evoke: Wand              |       |     1 ||     1
  Use: Scroll            |       |     9 ||     9
       Potion            |       |     4 ||     4
